 Dungeon Crawl Stone Soup version 0.27-a0-242-ge0fc76b88b (webtiles) character file.

Game seed: 9089242521811271994

135 Borgoz the Slasher (level 5, -3/45 HPs)
             Began as a Ghoul Gladiator on Feb 2, 2021.
             Slain by a quokka (4 damage)
             ... while paralysed by Grinder
             ... on level 3 of the Dungeon.
             The game lasted 00:02:36 (2524 turns).

Borgoz the Slasher (Ghoul Gladiator)                Turns: 2524, Time: 00:02:36

Health: -3/45      AC:  9    Str: 18    XL:     5   Next: 18%
Magic:  4/4        EV:  2    Int:  3    God:
Gold:   78         SH:  0    Dex: 11    Spells: 4/4 levels left

rFire    . . .     SeeInvis .   a - +0 long sword
rCold    + + .     Faith    .   l - +0 buckler
rNeg     + + +     Spirit   .   e - +2 scale mail {rC+}
rPois    ∞         Reflect  .   c - +0 helmet
rElec    .         Harm     .   (no cloak)
rCorr    .         Rampage  .   (no gloves)
Will     .....                  (no boots)
Stlth    ..........             k - amulet of inaccuracy (curse)
HPRegen  0.00/turn              (no ring)
MPRegen  0.09/turn              (no ring)

@: paralysed
A: claws 1, cold resistance 1, negative energy resistance 3, inhibited
regeneration, torment resistance, unbreathing
a: no special abilities


You were on level 3 of the Dungeon.
You visited 1 branch of the dungeon, and saw 3 of its levels.

You collected 78 gold pieces.

Inventory:

Hand Weapons
 a - a +0 long sword (weapon)
Missiles
 d - 3 throwing nets (quivered)
Armour
 c - a +0 helmet (worn)
 e - a +2 scale mail of cold resistance (worn)
 l - a +0 buckler (worn)
Jewellery
 b - an uncursed ring of ice
 k - a cursed amulet of inaccuracy (around neck)
Scrolls
 f - a scroll of remove curse {unknown}
 i - a scroll of teleportation
Potions
 g - 2 potions of curing
 h - a potion of cancellation {unknown}
 j - a potion of haste {unknown}


   Skills:
 + Level 3.0 Fighting
 * Level 3.7 Long Blades
 - Level 1.7 Throwing
 + Level 1.4 Armour
 * Level 3.7 Dodging
 + Level 0.1 Shields


You had 4 spell levels left.
You didn't know any spells.
Your spell library was empty.

Dungeon Overview and Level Annotations

Branches:
Dungeon (3/15)

Altars:
Okawaru
Sif Muna

Annotations:
D:3 Grinder


Innate Abilities, Weirdness & Mutations

You thrive by killing the living.
You are immune to poison.
You have sharp fingernails.
Your flesh is cold resistant. (rC+)
You are immune to negative energy. (rN+++)
You do not regenerate when monsters are visible.
You are immune to unholy pain and torment.
You can survive without breathing.


Message History

Grinder hits you.
* * * LOW HITPOINT WARNING * * *
The quokka bites you but does no damage.
Grinder completely misses you.
You hit the quokka.
The quokka is severely wounded.
The quokka bites you but does no damage.
Grinder gestures at you.
You suddenly lose the ability to move!
The quokka bites you.
* * * LOW HITPOINT WARNING * * *
Grinder hits you but does no damage.
The quokka bites you but does no damage.
The quokka bites you.
* * * LOW HITPOINT WARNING * * *
Grinder hits you but does no damage.
The quokka bites you but does no damage.
Grinder hits you.
* * * LOW HITPOINT WARNING * * *
The quokka bites you.
You die...

..........
..........
.........##
..........#
..........#
..........#
....[..5..#
!.....)@..#
#.....÷r.##
#.......##
##..###.#
... #.# .#
#.# ..# ..#


You could see Grinder and a quokka.

Vanquished Creatures
  Jessica (D:2)
  Terence (D:2)
  3 adders (D:2)
  2 dart slugs (D:1)
  4 leopard geckos
  An orc (D:3)
  4 giant cockroaches
  9 goblins
  8 hobgoblins
  8 bats
  3 frilled lizards
  3 kobolds
  3 rats
50 creatures vanquished.

Notes
Turn   | Place    | Note
-------+----------+-------------------------------------------
     0 | D:1      | Borgoz the Ghoul Gladiator began the quest for the Orb.
     0 | D:1      | Reached XP level 1. HP: 17/17 MP: 0/0
    87 | D:1      | Reached XP level 2. HP: 24/24 MP: 1/1
   436 | D:1      | Reached XP level 3. HP: 25/30 MP: 2/2
   897 | D:2      | Noticed Terence
   901 | D:2      | Killed Terence
   934 | D:2      | Reached skill level 1 in Armour
   991 | D:2      | Reached XP level 4. HP: 17/37 MP: 3/3
  1225 | D:2      | Noticed Jessica
  1236 | D:2      | Killed Jessica
  1642 | D:2      | Found a shimmering blue altar of Sif Muna.
  1642 | D:2      | Found an iron altar of Okawaru.
  1801 | D:2      | Reached XP level 5. HP: 44/44 MP: 4/4
  2186 | D:3      | Noticed Grinder
  2194 | D:3      | Paralysed by Grinder for 3 turns
  2201 | D:3      | Paralysed by Grinder for 6 turns
  2228 | D:3      | Paralysed by Grinder for 5 turns
  2514 | D:3      | Paralysed by Grinder for 3 turns
  2520 | D:3      | Paralysed by Grinder for 5 turns
  2523 | D:3      | HP: 1/45 [Grinder (4)]
  2524 | D:3      | Slain by a quokka

Illustrated notes

Levels and vault maps discovered:
D:1:      eino_arrival_water_cross, layout_basic, interstate_on_off
D:2:      layout_loops_ring, gammafunk_temple_overflow_pools, uniq_terence,
          uniq_jessica
D:3:      layout_rooms, kennysheep_minor_cross, chequers_serial_rivers_large_a,
          uniq_sigmund, uniq_grinder

Skill      XL: |  1  2  3  4  5 |
---------------+----------------+-----
Dodging        | 3 |  3.7
Long Blades    | 3 |  3.7
Armour         | 1 |  1.4
Fighting       | 3 |  3.0
Throwing       | |  1.7
Shields        | |  0.1

Action                   |  1- 3 |  4- 6 || total
-------------------------+-------+-------++-------
Melee: Long sword        |    85 |   188 ||   273
  Use: Scroll            |     3 |       ||     3
       Potion            |     4 |       ||     4
Armor: Scale mail        |    60 |   139 ||   199
       Leather armour    |     1 |       ||     1
Dodge: Dodged            |    57 |   149 ||   206
Block: Buckler           |       |     5 ||     5
       Rpst.: Long sword |    21 |    60 ||    81

Table legend: (Time is in decaauts)
 A = Elapsed time spent in this place.
 B = Non-inter-level travel time spent in this place.
 C = Inter-level travel time spent in this place.
 D = Time resting spent in this place.
 E = Time spent auto-exploring this place.
 F = Levels seen in this place.
 G = Mean time per level.
                   A        B        C        D        E       F      G
               +--------+--------+--------+--------+--------+-----+--------+
         Total |   2590 |   2531 |     59 |    375 |   1613 |   3 |  863.3 |
       Dungeon |   2590 |   2531 |     59 |    375 |   1613 |   3 |  863.3 |
               +--------+--------+--------+--------+--------+-----+--------+

Top non-repeatable levels by time:
     D:2: 1600 daAuts
     D:1: 902 daAuts
     D:3: 88 daAuts
